Map: [ESL] Gresvan

Players

HeroMarine - Winner!

  • Race: Terran Terran
  • Spawn Location: 11:00

Creator

  • Race: Protoss Protoss
  • Spawn Location: 5:00

Event: ESL SC2 Masters 2023 Summer (Finals)

VOD

Have the link to the VOD?

Description

Time

  • Played on: June 17, 2023, 5:50 a.m.
  • Length: 16:38

All games in this series

Show
View Real Time Build Order
Export as new Build Order

HeroMarine Terran - Winner!

Build Orders: Reaper Expand 

Get SALT Encoding   

  12  0:00  SCV  
  13  0:12  SCV  
  14  0:17  Supply Depot  
  14  0:24  SCV  
  15  0:39  SCV  
  15  0:41  Barracks  
  16  0:43  Refinery  
  16  0:51  SCV  
  17  1:03  SCV  
  18  1:15  SCV  
  19  1:27  Orbital Command, Reaper  
  20  1:45  Command Center  
  20  1:50  Supply Depot  
  20  1:53  SCV  
  21  1:59  Marine  
  22  2:05  SCV  
  23  2:08  Factory  
  23  2:17  SCV, Marine  
  23  2:18  Refinery  
  25  2:23  Bunker  
  25  2:29  SCV  
  26  2:35  Barracks Reactor  
  26  2:41  SCV  
  27  2:53  SCV  
  27  2:54  Widow Mine  
  27  2:56  Orbital Command  
  27  2:58  Starport  
  31  3:05  SCV  
  31  3:11  Marine x2  
  33  3:15  Widow Mine  
  33  3:17  SCV  
  36  3:21  Supply Depot  
  36  3:22  SCV  
  37  3:29  Marine x2, SCV  
  40  3:34  Medivac  
  40  3:36  SCV  
  40  3:38  Widow Mine  
  45  3:42  SCV  
  45  3:47  Marine x2  
  48  3:48  SCV, Supply Depot  
  48  3:54  SCV  
  50  3:59  Factory Tech Lab  
  50  4:00  SCV  
  51  4:04  Marine  
  51  4:05  Marine, Starport Tech Lab  
  51  4:06  SCV  
  54  4:12  Supply Depot  
  54  4:13  Barracks  
  54  4:15  SCV  
  55  4:18  SCV, Siege Tank  
  55  4:20  Supply Depot  
  62  4:32  Barracks  
  62  4:33  Raven, Marine x2  
  62  4:34  SCV x2  
  65  4:38  Engineering Bay  
  65  4:46  SCV x2  
  65  4:50  Marine  
  65  4:51  Marine  
  69  4:58  SCV x2  
  67  5:06  Terran Infantry Weapons Level 1  
  70  5:08  Marine, Refinery, Supply Depot  
  70  5:09  Marine  
  70  5:10  SCV x2  
  70  5:12  Marauder  
  71  5:15  Supply Depot  
  71  5:17  Refinery  
  71  5:22  SCV x2, Supply Depot  
  71  5:26  Marine  
  71  5:27  Marine  
  75  5:31  Marauder, Starport Reactor, Factory Reactor  
  75  5:34  Marauder  
  80  5:37  Supply Depot  
  81  5:43  Command Center  
  81  5:44  Marine  
  81  5:45  Marine  
  81  5:47  SCV  
  81  5:48  SCV  
  83  5:52  Marauder  
  83  5:55  Marauder  
  83  5:59  SCV  
  83  6:00  SCV  
  83  6:02  Marine x2  
  86  6:16  SCV x2  
  87  6:19  Barracks, Marine  
  87  6:20  Barracks, Marine  
  87  6:24  Barracks Tech Lab x2  
  88  6:25  Widow Mine, Medivac x2  
  88  6:26  Widow Mine  
  88  6:28  SCV x2  
  96  6:35  Supply Depot  
  96  6:36  Supply Depot  
  96  6:37  Marine  
  96  6:38  Marine  
  98  6:43  SCV x2  
  98  6:46  Stimpack, Ghost Academy, Combat Shield  
  100  6:50  Marauder x2  
  102  6:55  SCV x2, Marine  
  102  6:56  Marine  
  106  7:04  Medivac x2  
  106  7:07  SCV x2  
  112  7:13  Barracks Reactor, Barracks Tech Lab  
  116  7:21  Ghost x2  
  116  7:22  Widow Mine x2  
  120  7:28  Orbital Command  
  120  7:29  SCV x2  
  119  7:30  Bunker  
  118  7:37  Marauder  
  118  7:38  Marine x2  
  118  7:41  SCV  
  118  7:42  SCV  
  122  7:50  Marauder  
  122  7:51  Widow Mine x2, Marauder  
  130  7:52  Marine  
  130  7:53  Marine, SCV x2  
  130  7:54  SCV  
  130  7:58  Ghost  
  133  8:00  Supply Depot  
  135  8:06  SCV x2, Missile Turret  
  135  8:08  Supply Depot  
  135  8:09  SCV  
  135  8:11  Marine x3  
  135  8:12  Marine, Marauder x2  
  146  8:14  Widow Mine  
  146  8:18  SCV  
  149  8:26  Ghost  
  147  8:29  Marine x2  
  147  8:32  Medivac, Ghost  
  147  8:33  Widow Mine  
  155  8:34  Marine x2  
  155  8:35  Marine, Refinery x2  
  158  8:43  Supply Depot x2  
  158  8:47  Widow Mine, Marine  
  159  8:53  Marauder  
  159  8:54  Widow Mine  
  159  8:56  Marauder  
  159  8:57  Marine x2  
  159  9:01  Armory  
  159  9:02  Marauder  
  165  9:04  Marine x2  
  165  9:09  Widow Mine  
  170  9:10  SCV x2  
  170  9:14  Marauder  
  170  9:15  Sensor Tower  
  170  9:16  Widow Mine  
  176  9:18  Missile Turret  
  176  9:19  Terran Infantry Armor Level 1  
  176  9:21  Marauder, Engineering Bay  
  176  9:23  Marauder  
  179  9:27  Marine x2  
  179  9:28  Marine x2  
  180  9:35  SCV  
  180  9:36  SCV  
  180  9:37  Widow Mine, Marauder  
  180  9:38  SCV  
  175  9:42  Marauder  
  175  9:44  Marine  
  170  9:52  Widow Mine, Medivac x2  
  174  9:58  Marauder  
  174  9:59  Widow Mine  
  177  10:02  Marauder  
  177  10:03  Marauder  
  179  10:14  Widow Mine  
  180  10:16  Terran Infantry Weapons Level 2, Command Center  
  180  10:20  Widow Mine, Marauder  
  175  10:22  Medivac x2  
  175  10:24  Marauder  
  173  10:31  Barracks x3  
  173  10:34  Marauder  
  173  10:35  Widow Mine  
  175  10:41  Widow Mine, Marauder, Concussive Shells  
  179  10:43  Supply Depot  
  179  10:48  Marauder  
  178  10:52  Medivac x2  
  178  10:56  Marauder  
  178  11:01  Widow Mine, Supply Depot  
  178  11:02  Marauder  
  178  11:03  Widow Mine  
  180  11:06  Starport  
  180  11:09  Marauder  
  180  11:17  Marauder, Marine x2  
  181  11:20  Marine x2  
  181  11:21  Terran Infantry Armor Level 2  
  181  11:22  Medivac  
  181  11:23  Widow Mine  
  181  11:24  Marauder  
  181  11:25  Widow Mine  
  187  11:29  Barracks Reactor, Barracks Tech Lab x2  
  187  11:32  SCV x3  
  181  11:51  Marauder  
  181  11:53  Marine  
  181  11:54  Marine, Marauder  
  161  11:56  Marauder x2  
  161  11:57  Medivac x2, Starport Reactor  
  161  11:58  Widow Mine x2  
  161  11:59  Ghost  
  165  12:01  SCV x2  
  165  12:02  SCV, Refinery x2  
  165  12:05  Marine x2  
  168  12:18  Marauder  
  171  12:22  Marauder  
  171  12:23  Marauder x2  
  171  12:27  Medivac x2, Planetary Fortress  
  175  12:30  Missile Turret  
  175  12:31  Marine x4  
  175  12:32  Marine x2  
  175  12:33  Widow Mine x2  
  185  12:41  Marauder x2  
  185  12:48  Marauder  
  185  12:49  Marauder x2, Marine x5  
  196  12:52  Marine  
  196  12:55  Medivac  
  199  13:02  Marine, Marauder  
  200  13:06  Terran Infantry Weapons Level 3  
  200  13:07  Marine, Terran Ship Weapons Level 1  
  200  13:08  Ghost  
  200  13:10  Marine  
  200  13:26  Marauder  
  196  13:31  Ghost  
  196  13:32  Marauder x2  
  177  13:36  Marine x2  
  177  13:38  Marauder, Viking  
  177  13:39  Viking x3  
  187  13:43  Widow Mine  
  187  13:44  Widow Mine  
  187  13:47  Ghost  
  193  13:50  Marine x2  
  193  13:52  Ghost  
  193  13:53  Marauder  
  198  13:56  Marine  
  198  13:59  Marauder  
  191  14:02  Marauder  
  191  14:04  Marine  
  191  14:08  Viking x2  
  175  14:15  Marauder  
  175  14:16  Marauder  
  169  14:20  Marauder  
  169  14:22  Marauder  
  169  14:24  Marauder  
  175  14:34  Personal Cloaking  
  175  14:36  Orbital Command, Marauder, Marine x2  
  175  14:37  Ghost  
  185  14:41  Ghost  
  185  14:42  Ghost  
  185  14:45  Marauder  
  180  14:52  Marine  
  147  14:53  Viking  
  147  14:55  Viking  
  147  14:56  Marine  
  147  14:57  Viking x2  
  152  15:00  Marauder  
  152  15:06  Marauder  
  152  15:07  Marauder, Marine  
  150  15:19  Marauder  
  149  15:22  Marauder  
  149  15:23  Viking  
  149  15:24  Marauder  
  149  15:25  Viking  
  149  15:27  Viking  
  131  15:28  Viking  
  152  15:36  Marauder  
  152  15:40  Marauder  
  152  15:44  Marauder x2  
  154  15:53  Marauder, Viking  
  154  15:55  Viking  
  160  15:57  Marauder, Viking  
  160  15:58  Viking  
  160  16:01  Marauder  
  164  16:05  Marauder  
  164  16:06  Marauder  
  164  16:11  Marine  
  160  16:14  Marauder  
  151  16:19  Marine  
  151  16:20  Marine  
Show
View Real Time Build Order
Export as new Build Order

Creator Protoss 

Build Orders: 1 Gate Expand, Phoenix Opening, Blink Stalkers 

Get SALT Encoding   

  12  0:00  Probe  
  13  0:12  Probe  
  14  0:17  Pylon  
  14  0:24  Probe (Chrono Boost)  
  15  0:36  Probe (Chrono Boost)  
  15  0:39  Gateway  
  16  0:44  Probe (Chrono Boost)  
  16  0:46  Assimilator  
  17  0:51  Probe  
  18  1:03  Probe  
  19  1:15  Probe  
  20  1:26  Cybernetics Core  
  20  1:34  Nexus  
  20  1:38  Pylon  
  20  1:41  Probe  
  20  1:46  Assimilator  
  21  1:53  Probe  
  22  1:59  Stalker (Chrono Boost)  
  22  2:04  Warp Gate  
  22  2:06  Probe  
  25  2:18  Probe  
  28  2:26  Sentry  
  28  2:30  Probe (Chrono Boost)  
  29  2:42  Probe (Chrono Boost)  
  30  2:49  Probe (Chrono Boost), Twilight Council  
  30  2:50  Probe (Chrono Boost)  
  32  2:54  Stalker  
  32  2:56  Phoenix  
  32  2:57  Probe (Chrono Boost)  
  36  2:59  Probe (Chrono Boost)  
  36  3:01  Probe (Chrono Boost)  
  36  3:02  Pylon  
  37  3:08  Probe  
  38  3:13  Probe  
  39  3:22  Probe (Chrono Boost)  
  39  3:23  Blink (Chrono Boost)  
  39  3:25  Probe (Chrono Boost)  
  41  3:29  Gateway  
  41  3:32  Gateway  
  42  3:36  Probe (Chrono Boost)  
  42  3:38  Probe (Chrono Boost)  
  42  3:41  Probe (Chrono Boost)  
  43  3:45  Probe  
  45  3:49  Pylon  
  45  3:50  Pylon  
  45  3:51  Probe  
  46  3:55  Stalker  
  46  3:57  Probe  
  49  4:06  Nexus  
  49  4:08  Probe  
  49  4:09  Probe  
  51  4:11  Pylon  
  51  4:19  Stalker  
  51  4:21  Probe  
  51  4:24  Stalker  
  56  4:25  Probe  
  56  4:27  Assimilator  
  57  4:31  Stalker, Assimilator  
  57  4:35  Probe  
  57  4:37  Probe  
  61  4:51  Probe  
  61  4:52  Probe  
  61  5:05  Probe x2  
  62  5:10  Templar Archives  
  62  5:14  Phoenix  
  62  5:16  Shield Battery  
  62  5:17  Probe x2  
  62  5:18  Shield Battery  
  62  5:20  Probe  
  65  5:25  Stalker  
  65  5:26  Stalker x2  
  71  5:30  Probe  
  71  5:31  Pylon  
  71  5:33  Probe  
  71  5:35  Probe  
  74  5:42  Probe, Pylon  
  75  5:45  Probe  
  75  5:47  Probe  
  75  5:48  High Templar  
  75  5:49  High Templar  
  81  5:52  Psionic Storm  
  79  6:03  Stalker  
  79  6:04  Gateway  
  81  6:06  Gateway  
  80  6:11  Probe  
  80  6:12  Probe x2  
  80  6:13  Shield Battery  
  83  6:24  Probe (Chrono Boost), High Templar, Stalker  
  88  6:27  Probe x2 (Chrono Boost)  
  88  6:30  Charge (Chrono Boost), Gateway x2  
  88  6:32  Forge  
  86  6:36  Probe (Chrono Boost)  
  88  6:40  Probe (Chrono Boost)  
  88  6:41  Gateway  
  88  6:43  Shield Battery  
  88  6:45  Pylon x2  
  88  6:47  High Templar  
  90  6:56  Stalker  
  90  6:58  Pylon x2  
  92  7:04  Stalker x2  
  92  7:05  Zealot  
  92  7:06  Protoss Ground Weapons Level 1 (Chrono Boost)  
  92  7:08  Probe x2  
  99  7:09  Probe  
  100  7:16  Assimilator  
  100  7:18  Assimilator  
  100  7:20  Robotics Facility  
  100  7:22  Pylon  
  100  7:27  Stalker  
  100  7:28  Stalker  
  103  7:35  Zealot x2  
  106  7:37  Probe x3  
  106  7:40  Zealot x2  
  110  7:45  Stalker x2  
  110  7:48  Shield Battery  
  110  7:49  Probe  
  113  7:56  Stalker x3  
  117  7:59  Stalker  
  117  8:02  Probe x3  
  117  8:04  Warp Prism (Chrono Boost)  
  122  8:11  Zealot x2  
  126  8:23  Robotics Bay  
  126  8:25  Archon  
  122  8:28  Stalker  
  122  8:31  Immortal (Chrono Boost)  
  122  8:33  Robotics Facility  
  126  8:39  Nexus  
  126  8:47  High Templar x2  
  130  8:50  Protoss Ground Armor Level 1 (Chrono Boost)  
  126  9:00  Zealot x6  
  138  9:03  Pylon  
  138  9:05  Pylon  
  137  9:18  Disruptor (Chrono Boost)  
  137  9:22  Nexus  
  146  9:24  Dark Shrine  
  146  9:27  Colossus (Chrono Boost)  
  146  9:32  Zealot x3, Stalker  
  152  9:39  Archon, Stalker  
  152  9:40  Stalker  
  139  9:53  Zealot x3  
  142  10:06  Zealot x3  
  145  10:09  Disruptor (Chrono Boost), Stalker x2  
  149  10:19  Observer (Chrono Boost)  
  149  10:20  Zealot  
  130  10:31  Stalker  
  130  10:32  Zealot  
  130  10:34  Colossus (Chrono Boost)  
  144  10:35  Observer  
  144  10:37  Colossus (Chrono Boost)  
  144  10:42  Dark Templar x2  
  148  11:01  Probe  
  148  11:02  Probe x3  
  152  11:05  Pylon  
  150  11:18  Photon Cannon  
  150  11:20  Probe  
  150  11:21  Probe x3, Disruptor  
  154  11:26  Disruptor  
  154  11:32  Zealot x3  
  159  11:44  Zealot  
  140  11:53  Colossus (Chrono Boost)  
  125  11:54  Extended Thermal Lance (Chrono Boost)  
  129  12:03  Probe x3  
  129  12:04  Probe, Dark Templar  
  129  12:05  Cybernetics Core, Zealot x3, Dark Templar  
  147  12:09  Immortal (Chrono Boost)  
  147  12:11  Archon  
  147  12:18  Gateway  
  145  12:28  Photon Cannon  
  145  12:31  Dark Templar  
  145  12:35  Assimilator  
  147  12:37  Assimilator  
  147  12:40  Disruptor (Chrono Boost)  
  147  12:41  Colossus (Chrono Boost)  
  155  12:44  Photon Cannon  
  155  12:49  Pylon  
  155  12:50  Pylon  
  155  12:51  Pylon  
  155  12:52  Pylon  
  155  12:54  Photon Cannon  
  153  13:06  Dark Templar  
  153  13:12  Zealot x3  
  162  13:14  Zealot  
  162  13:15  Disruptor (Chrono Boost)  
  158  13:20  Dark Templar  
  158  13:23  Colossus (Chrono Boost)  
  152  13:39  Stalker x4  
  160  13:43  Probe x4, Observer  
  160  13:46  Pylon  
  159  13:56  Dark Templar  
  159  13:59  Zealot  
  153  14:06  Zealot x3  
  153  14:07  Observer  
  147  14:14  Warp Prism (Chrono Boost)  
  147  14:16  Dark Templar  
  133  14:20  Stalker  
  135  14:26  Stalker, Sentry  
  137  14:37  Stalker x3  
  119  14:53  Stalker  
  119  14:54  Stalker x2  
  119  14:56  Gateway  
  125  15:00  Stalker  
  125  15:01  Stalker  
  129  15:09  Archon  
  129  15:10  Stalker x3  
  135  15:16  Stalker x3  
  130  15:34  Stalker x3  
  126  15:43  Stalker x2  
  126  15:44  Stalker  
  126  15:46  Disruptor  
  126  15:47  Observer  
  124  15:58  Stalker x2  
  124  15:59  Stalker x2  
  110  16:13  Zealot x3  
Tags
 
Add a new tag
Caveats
  • Supply blocks, unpowered buildings, or Contaminate may cause inaccurate times.
  • Supply counts are checked every 10 seconds.